[Event "VIII Open Semana Santa 2024"]
[Site "San Vicente del Raspeig"]
[Date "2024.03.28"]
[Round "3.11"]
[White "Alshameary Puente, Ismael"]
[Black "Lamard, Guillaume"]
[Result "0-1"]
[ECO "E51"]
[WhiteElo "2336"]
[BlackElo "2483"]
[Annotator "TA"]
[PlyCount "66"]
[EventDate "2024.03.27"]
[EventType "swiss"]
[EventCountry "ESP"]
[SourceTitle "playchess.com"]
[Source "ChessBase"]
[SourceQuality "1"]
[TimeControl "5400+30"]

1. d4 Nf6 2. c4 e6 3. Nc3 Bb4 4. e3 O-O 5. Bd2 d5 6. Nf3 b6 7. cxd5 exd5 8. Bd3 Bd6 9. O-O Re8 10. Rc1 {[%emt 0:12:13] Die Stellung ist ausgeglichen.} c5 11. Nb5 Bf8 12. Ne5 Bb7 13. f4 Nc6 $1 14. Be1 a6 15. Nc3 cxd4 16. Nxc6 Bxc6 17. exd4 Qd7 18. Qc2 Ne4 19. Bf2 Bb5 ({Günstiger ist} 19... Bb7 $15) 20. Nxb5 $11 axb5 21. Qb3 b4 22. Rc2 {[%emt 0:03:59] Pariert Nd2.} Qd6 23. Re2 g6 ({Viel schwächer wäre} 23... Qxf4 $6 24. Bxe4 (24. Qxd5 Nf6 $11) (24. Bg3 Qg4 $14) 24... dxe4 (24... Rxe4 $2 25. Bg3 $18) 25. Bg3 $14) 24. f5 Bg7 {[%emt 0:05:44] Und ...Nxf2 würde nun gewinnen.} 25. Be3 Ra7 26. Kh1 Rae7 {[%emt 0:19:20][%cal Oe4g3] ...Ng3+! wäre nun fies.} 27. Bb5 Rc8 28. Bf4 $2 {[%emt 0:00:48][%mdl 8192] [#]} (28. fxg6 $11 {und Weiss muss sich keine Sorgen machen.} hxg6 29. g3 (29. Bf4 $2 Qxf4 30. Rxf4 Rc1+ $19)) 28... Qxf4 $3 $19 {[%emt 0:01:03][%mdl 512] Schwarz steht klar auf Gewinn.} 29. Rxf4 (29. Rc2 Qb8) 29... Rc1+ 30. Re1 Rxe1+ 31. Rf1 {[%emt 0:04:30] Weiss hat schwache schwarze Felder} Nd2 32. Qxd5 Nxf1 33. Qd8+ {[%emt 0:00:26] [#]} Re8 $3 {[%emt 0:00:27][%mdl 512] Gewichteter Fehlerwert: Weiß=0.83/Schwarz=0.07 (makellos) .  Verlustzug:     	Weiß=1     	---        Fehler:       	---       	Schwarz=1     Ungenau:       	Weiß=2     	Schwarz=1     OK:         	Weiß=6     	Schwarz=8     Bester:       	Weiß=2     	Schwarz=2     Stark:        	---       	Schwarz=1     Brilliant:      	---       	Schwarz=1} 0-1

[Event "VIII Open Semana Santa 2024"]
[Site "San Vicente del Raspeig"]
[Date "2024.03.28"]
[Round "3.12"]
[White "Martin Duque, Jesus"]
[Black "Zhu, Jiner"]
[Result "1-0"]
[ECO "D12"]
[WhiteElo "2332"]
[BlackElo "2467"]
[Annotator "TA"]
[PlyCount "57"]
[EventDate "2024.03.27"]
[EventType "swiss"]
[EventCountry "ESP"]
[SourceTitle "playchess.com"]
[Source "ChessBase"]
[SourceQuality "1"]
[TimeControl "5400+30"]

1. Nf3 d5 2. e3 Nf6 3. d4 Bf5 4. c4 c6 5. Nc3 e6 6. Nh4 Be4 7. f3 Bg6 8. Qb3 Qc7 9. Nxg6 hxg6 10. Bd2 Be7 11. O-O-O {[%emt 0:02:16] White has an edge.} dxc4 12. Bxc4 b5 13. Be2 a6 14. Kb1 c5 $1 15. dxc5 Nbd7 16. g4 Nxc5 (16... Bxc5 $6 17. g5 $16) 17. Qc2 Rc8 18. g5 Nfd7 19. h4 Qb7 20. Rc1 O-O 21. h5 b4 22. hxg6 $1 {[%emt 0:02:28][%cal Oh1h7] Hoping for Rh7!} bxc3 $4 {[%emt 0:00:37][%mdl 8192] A mistake that costs the game.} ({Black should play} 22... Bxg5 $1 $14 23. gxf7+ Kxf7) 23. Bxc3 $18 (23. gxf7+ Kxf7 24. g6+ (24. Qxc3 $2 Ne4 $19) (24. Bxc3 Bxg5 25. Rhg1 Bf6 $17) 24... Ke8 25. Bxc3 Bf6 $11) 23... Bxg5 {[%emt 0:03:38] [#]} 24. Bxa6 $1 {[%emt 0:01:56][%mdl 512] Rh8+ would kill now. A strong pair of Bishops.} Qc7 (24... Qb8 25. Bxc8) 25. Bxc8 Rxc8 26. f4 Bf6 {[%emt 0:01:52] [#]} (26... Bh6 $18 27. gxf7+ Kxf7) 27. Rh8+ $3 {[%emt 0:01:26][%mdl 512] White mates.} Kxh8 28. gxf7 Qd8 29. Qg6 {[%emt 0:00:31] Weighted Error Value: White=0.21 (precise) /Black=0.58.  Loses game:     	---       	Black=1      Inaccurate:     	White=1     	---        OK:         	White=8     	Black=8      Best:        	---       	Black=1      Strong:       	White=1     	Black=1      Brilliant:      	White=1     	---} 1-0

[Event "VIII Open Semana Santa 2024"]
[Site "San Vicente del Raspeig"]
[Date "2024.03.28"]
[Round "3.13"]
[White "Sinz, Bernhard"]
[Black "Baskin, Robert"]
[Result "0-1"]
[ECO "B23"]
[WhiteElo "2330"]
[BlackElo "2461"]
[Annotator "TA"]
[PlyCount "74"]
[EventDate "2024.03.27"]
[EventType "swiss"]
[EventCountry "ESP"]
[SourceTitle "playchess.com"]
[Source "ChessBase"]
[SourceQuality "1"]
[TimeControl "5400+30"]

1. e4 c5 2. Nc3 Nc6 3. Bb5 Nd4 4. Nf3 a6 5. Bd3 g6 6. O-O Bg7 7. Re1 d6 8. h3 {[%emt 0:02:49] White has an edge.} Nc6 9. a3 e6 10. Rb1 Nge7 11. b4 b5 12. bxc5 dxc5 13. e5 c4 ({Black should try} 13... O-O $11) 14. Bf1 (14. Be4 $14) 14... Nd5 $1 $11 15. Bb2 Nxc3 16. Bxc3 O-O 17. d3 cxd3 18. Bxd3 Qc7 19. h4 Bb7 20. h5 Rac8 21. Qe2 (21. a4 {with more complications.} bxa4 22. Ng5 Nxe5 23. Bxe5 Bxe5 24. Qg4) 21... Rfd8 22. Be4 Rd7 23. Red1 Rxd1+ 24. Rxd1 Ne7 25. Bxb7 (25. Ba5 $11 {keeps the balance.} Qxa5 26. Bxb7) 25... Qxb7 $17 26. Bb4 {[%emt 0:03:16] [#]} Nd5 $1 27. Qe4 Qc7 (27... gxh5 28. Ng5 f5 29. exf6 Bxf6 30. Qxe6+ Kh8 31. Rxd5 (31. Qxd5 Qxd5 32. Rxd5 Rxc2 $18) (31. Qxd5 Qxd5 32. Rxd5 Rxc2 $18)) 28. hxg6 (28. c3 $17) 28... hxg6 $19 (28... Qxc2 29. gxh7+ (29. gxf7+ Kxf7 30. Ng5+ Kg8 $16) 29... Kh8 30. Qxc2 Rxc2 31. Ng5 $11) 29. Qh4 (29. Rd2 $17 {was worth a try.}) 29... Qxc2 30. Rxd5 {[%emt 0:00:18] [#]} (30. Ra1) 30... exd5 {[%emt 0:00:29] Black is clearly winning.} 31. Kh2 Qe4 32. Qe7 Qf4+ 33. Kh3 Bf8 34. Qd7 Qf5+ 35. Qxf5 gxf5 36. Nd4 Bxb4 37. axb4 Rc4 {[%emt 0:00:06][%csl LRb4,LRd4] Weighted Error Value: White=0.71/Black=0.18 (very precise) .  Mistake:       	White=5     	Black=1      Inaccurate:     	White=3     	Black=1      OK:         	White=6     	Black=11     Best:        	---       	Black=2      Strong:       	---       	Black=2} 0-1

[Event "VIII Open Semana Santa 2024"]
[Site "San Vicente del Raspeig"]
[Date "2024.03.28"]
[Round "3.14"]
[White "Garriga Cazorla, Pere"]
[Black "Davtyan, David Arm."]
[Result "1-0"]
[ECO "D35"]
[WhiteElo "2460"]
[BlackElo "2311"]
[Annotator "TA"]
[PlyCount "50"]
[EventDate "2024.03.27"]
[EventType "swiss"]
[EventCountry "ESP"]
[SourceTitle "playchess.com"]
[Source "ChessBase"]
[SourceQuality "1"]
[TimeControl "5400+30"]

1. d4 d5 2. c4 e6 3. Nc3 Nf6 4. cxd5 exd5 5. Bg5 Bb4 6. e3 h6 7. Bh4 g5 8. Bg3 Ne4 9. a3 Bxc3+ {[%emt 0:10:19] White has an edge.} 10. bxc3 h5 11. f3 Nxg3 12. hxg3 Qd6 13. Kf2 Nc6 14. c4 dxc4 15. Bxc4 Be6 16. Rc1 (16. Bb5 $14) 16... O-O-O 17. Ne2 Qxa3 18. Bb5 Qb3 (18... Ne7 $11) 19. Qxb3 $16 Bxb3 20. Bxc6 bxc6 21. Rxc6 Bd5 (21... Rd6 $16 22. Rc5 Rd5) 22. Rc5 $18 h4 23. g4 Rh6 24. e4 Bb7 25. Rhc1 ({Much less strong is} 25. Rxg5 Ba6 26. d5 Bxe2 $18) 25... Kd7 $2 {[%emt 0:03:26] Weighted Error Value: White=0.06 (flawless) /Black=0.21 (precise) .  Mistake:       	White=1     	Black=3      Inaccurate:     	---       	Black=1      OK:         	White=9     	Black=7} (25... Rb6 26. Rxc7+ (26. Rxg5 Ba6 $18) 26... Kb8 27. Rxf7 Rb2) 1-0

[Event "VIII Open Semana Santa 2024"]
[Site "San Vicente del Raspeig"]
[Date "2024.03.28"]
[Round "3.15"]
[White "Boder, Jan"]
[Black "Agmanov, Zhandos"]
[Result "1/2-1/2"]
[ECO "E06"]
[WhiteElo "2328"]
[BlackElo "2458"]
[Annotator "RC"]
[PlyCount "74"]
[EventDate "2024.03.27"]
[EventType "swiss"]
[EventCountry "ESP"]
[SourceTitle "playchess.com"]
[Source "ChessBase"]
[SourceQuality "1"]
[TimeControl "5400+30"]

1. c4 Nf6 2. g3 e6 3. Nf3 d5 4. Bg2 Be7 5. d4 O-O 6. O-O c6 7. Nc3 a5 8. b3 b6 9. Qd3 Ba6 10. Rd1 b5 11. cxb5 cxb5 12. Nxb5 Nc6 13. a4 Nb4 14. Qb1 Bxb5 15. axb5 Qb6 16. Ne5 Qxb5 17. e3 Rfc8 18. Ba3 Rc3 19. Rc1 Rac8 20. Rxc3 Rxc3 21. Qd1 Nc2 22. Bxe7 Nxa1 23. Bf1 Qxb3 24. Qxa1 a4 25. Bxf6 gxf6 26. Nd7 a3 27. e4 Rf3 28. Qc1 Qb7 29. Nxf6+ Rxf6 30. e5 Rg6 31. Qxa3 Qb1 32. Qe3 Rg4 33. h3 Rg7 34. Kg2 Qe4+ 35. Qxe4 dxe4 36. Bb5 Kh8 37. Be8 Kg8 1/2-1/2

[Event "VIII Open Semana Santa 2024"]
[Site "San Vicente del Raspeig"]
[Date "2024.03.28"]
[Round "3.16"]
[White "Marin, Mihail"]
[Black "Lazaro Pujol, Abel"]
[Result "1/2-1/2"]
[ECO "E01"]
[WhiteElo "2456"]
[BlackElo "2309"]
[Annotator "TA"]
[PlyCount "85"]
[EventDate "2024.03.27"]
[EventType "swiss"]
[EventCountry "ESP"]
[SourceTitle "playchess.com"]
[Source "ChessBase"]
[SourceQuality "1"]
[TimeControl "5400+30"]

1. Nf3 d5 2. g3 c5 3. Bg2 Nc6 4. d4 e6 5. O-O cxd4 6. Nxd4 Bc5 7. Nxc6 bxc6 8. c4 Nf6 9. Qc2 Qe7 {[%emt 0:01:05] [#]} (9... Nd7 $11) 10. Bg5 (10. cxd5 $1 $16 {Be3 is the strong threat.} cxd5 11. Be3 (11. b4 Bd4 $11) 11... Bxe3 12. Qc6+ Qd7 13. Qxa8) 10... O-O 11. e4 {[%emt 0:06:09] Hoping for e5. White is slightly better.} h6 12. Bxf6 Qxf6 13. exd5 cxd5 14. cxd5 Bd4 15. Nc3 {[%emt 0:00:08] Strongly threatening dxe6.} e5 16. Rac1 Ba6 {[%emt 0:12:54] This pair of bishops is nice.} 17. Rfd1 Rac8 18. Qd2 Qb6 (18... Rfd8 {looks sharper.} 19. b4 Bc4 20. Ne4 Qf5) 19. Rc2 Rfd8 20. Rdc1 Bb7 21. Qe2 a5 22. b3 Qb4 23. Na4 Rxc2 24. Rxc2 g6 25. Rc4 {[%emt 0:01:28] White is weak on the dark squares} (25. h4 $11 {remains equal.}) 25... Qd6 (25... Ba6 $17 26. Rxb4 Bxe2) 26. Qf3 {[%emt 0:06:13] The position is equal.} Bxd5 27. Qxd5 Qxd5 28. Bxd5 Rxd5 $11 {[%emt 0:00:08][%mdl 4096] Endgame. KRB-KRN} 29. Kf1 Kg7 30. Ke2 Kf6 31. Nc3 Bxc3 32. Rxc3 {[%emt 0:00:09] KR-KR} Kf5 33. Rc4 h5 34. h4 f6 35. a3 e4 36. a4 g5 37. hxg5 fxg5 38. b4 axb4 39. Rxb4 {[%emt 0:00:05] [#] Black must now prevent Rb5.} Rd3 40. Rb5+ Kf6 41. Rb6+ Kf5 42. Rb5+ Kf6 43. Rb6+ {[%emt 0:00:39] Weighted Error Value: White=0.16 (very precise) /Black=0.14 (very precise) .  Mistake:       	White=2     	Black=2      Inaccurate:     	White=1     	---        OK:         	White=13    	Black=17     Best:        	---       	Black=1} 1/2-1/2

[Event "VIII Open Semana Santa 2024"]
[Site "San Vicente del Raspeig"]
[Date "2024.03.28"]
[Round "3.17"]
[White "Carbonell Sancho, Marc"]
[Black "Shuvalova, Polina"]
[Result "1/2-1/2"]
[ECO "A00"]
[WhiteElo "2304"]
[BlackElo "2455"]
[Annotator "RC"]
[PlyCount "72"]
[EventDate "2024.03.27"]
[EventType "swiss"]
[EventCountry "ESP"]
[SourceTitle "playchess.com"]
[Source "ChessBase"]
[SourceQuality "1"]
[TimeControl "5400+30"]

1. Nf3 d5 2. g3 Nd7 3. Bg2 e5 4. d3 Ngf6 5. O-O Bd6 6. Nc3 O-O 7. e4 c6 8. h3 Re8 9. Nh4 dxe4 10. dxe4 Nf8 11. Nf5 Bxf5 12. exf5 h6 13. Be3 N8h7 14. a3 e4 15. Re1 Qc7 16. Qe2 Qa5 17. Qd2 Bc7 18. Bf4 Rad8 19. Qc1 Bxf4 20. Qxf4 Nd5 21. Nxd5 cxd5 22. c4 dxc4 23. Rxe4 Rxe4 24. Qxe4 b5 25. a4 Nf6 26. Qe5 a6 27. g4 Rd2 28. Qc3 Qd8 29. axb5 Rd1+ 30. Rxd1 Qxd1+ 31. Kh2 axb5 32. Qb4 Qd7 33. Qc5 Qd2 34. Qxb5 Qxf2 35. Qxc4 Qxb2 36. Qf4 Qe2 1/2-1/2

[Event "VIII Open Semana Santa 2024"]
[Site "San Vicente del Raspeig"]
[Date "2024.03.28"]
[Round "3.18"]
[White "Ghazarian, Kirk"]
[Black "Filip, Andrei"]
[Result "1/2-1/2"]
[ECO "E04"]
[WhiteElo "2454"]
[BlackElo "2289"]
[Annotator "TA"]
[PlyCount "48"]
[EventDate "2024.03.27"]
[EventType "swiss"]
[EventCountry "ESP"]
[SourceTitle "playchess.com"]
[Source "ChessBase"]
[SourceQuality "1"]
[TimeControl "5400+30"]

1. d4 Nf6 2. c4 e6 3. Nf3 d5 4. g3 dxc4 5. Bg2 a6 6. O-O Nc6 7. e3 Rb8 8. Nfd2 e5 9. Bxc6+ bxc6 10. dxe5 Ng4 {[%emt 0:00:05] White is slightly better.} 11. Nxc4 {[%emt 0:00:22] Qxd8+ is the strong threat.} Be6 {[%emt 0:01:58] [#] Strongly threatening ...Qxd1.} 12. Nbd2 Bb4 13. b3 Bc3 14. Rb1 Bxd2 15. Nxd2 {[%emt 0:01:53] aiming for Bb2.} Nxe5 16. Bb2 Rb5 {[%emt 0:07:24][%cal Od8d2] [#] Threatens to win with ...Qxd2!} 17. Nc4 Nxc4 $11 18. bxc4 Bxc4 19. Qxd8+ (19. a4 $5 Rb6 20. Qg4 (20. Bxg7 Rg8 $16) 20... Bxf1 21. Rd1 $11 (21. Qxg7 Rf8 $11)) 19... Kxd8 20. Rfd1+ Kc8 21. a4 (21. Bxg7 Rg8 22. Bc3 Rxb1 (22... Bxa2 23. Ra1 $17) 23. Rxb1 Bxa2) 21... Ra5 22. Bxg7 Rg8 23. Rb4 Be2 24. Re1 Bd3 {[%emt 0:03:04] Weighted Error Value: White=0.10 (very precise) /Black=0.07 (flawless) .  Mistake:       	White=1     	---        Inaccurate:     	White=1     	Black=2      OK:         	White=6     	Black=8      Best:        	White=3     	---} 1/2-1/2

[Event "VIII Open Semana Santa 2024"]
[Site "San Vicente del Raspeig"]
[Date "2024.03.28"]
[Round "3.19"]
[White "Romero Pallares, Daniel"]
[Black "Muthaiah AL"]
[Result "1/2-1/2"]
[ECO "B48"]
[WhiteElo "2291"]
[BlackElo "2454"]
[Annotator "TA"]
[PlyCount "93"]
[EventDate "2024.03.27"]
[EventType "swiss"]
[EventCountry "ESP"]
[SourceTitle "playchess.com"]
[Source "ChessBase"]
[SourceQuality "1"]
[TimeControl "5400+30"]

1. e4 c5 2. Nf3 e6 3. d4 cxd4 4. Nxd4 Nc6 5. a3 Nf6 6. Nc3 Qc7 7. Be3 a6 8. f4 Nxd4 9. Bxd4 Qxf4 10. g3 Qc7 {[%emt 0:13:28] White is slightly better.} 11. e5 Nd5 12. Nxd5 exd5 13. Bg2 d6 {[%emt 0:00:50] [#]} (13... Bc5 $1 $14 {deserves consideration.}) 14. O-O (14. Qe2 $1 $16 Be6 15. O-O-O) 14... Be6 (14... dxe5 $11 15. Bxe5 (15. Bxd5 $2 exd4 16. Qh5 g6 $19) 15... Qxe5) 15. exd6 $16 Bxd6 (15... Qxd6 $14 16. Qh5 O-O-O) 16. Bxg7 Rg8 17. Bf6 {[%emt 0:05:47] Active counter play!} Be7 18. Bxe7 (18. Bxd5 Qc5+ 19. Rf2 Qxd5 $19 (19... Bxd5 $2 20. Bxe7 Kxe7 21. Qh5 $19)) 18... Qxe7 19. Qd4 (19. Bxd5 $2 {loses.} Qc5+ 20. Rf2 Qxd5 $19) 19... O-O-O 20. Rae1 Kb8 {[%emt 0:01:32] Inhibits Qa7+.} 21. Re3 {[%emt 0:07:29] Black is weak on the dark squares} Qd6 22. Rf4 Rc8 23. c3 Rc4 24. Qe5 Qxe5 25. Rxe5 Rxf4 26. gxf4 $11 {[%emt 0:00:02][%mdl 4096] Endgame. KRB-KRB} Rg4 27. f5 Rg5 28. h4 Rxf5 29. Rxf5 Bxf5 30. Bxd5 {[%emt 0:00:07][%cal Og1h2] Strongly threatening Kh2! KB-KB} Be6 31. Be4 h6 32. Kf2 {[%emt 0:00:10] aiming for Kg3.} Kc7 33. Ke3 {[%emt 0:00:12] Threatens to win with Kf4.} b6 34. Kd4 {[%emt 0:01:08] Ke5 would now be deadly.} f6 35. b4 Kd6 36. c4 a5 37. c5+ bxc5+ 38. bxc5+ Kc7 39. Ke3 Bd7 40. Kf4 Be6 41. Bg2 Bd7 42. Bf3 Be6 43. h5 Bd7 {[%emt 0:02:17] The position is equal.} 44. Bg4 Bb5 45. Bf3 {[%emt 0:00:27] [#] Kf5 is the strong threat.} Bd7 46. Bg4 {[%emt 0:00:30] White threatens Bxd7 and mate.} Bb5 47. Bf3 {[%emt 0:00:03] Weighted Error Value: White=0.11 (very precise) /Black=0.09 (flawless) .  Mistake:       	White=1     	Black=3      Inaccurate:     	White=4     	Black=1      OK:         	White=14    	Black=21     Best:        	White=3     	Black=4} 1/2-1/2

[Event "VIII Open Semana Santa 2024"]
[Site "San Vicente del Raspeig"]
[Date "2024.03.28"]
[Round "3.20"]
[White "Schulman, Julia"]
[Black "Jimenez Fernandez, Rebeca"]
[Result "0-1"]
[ECO "B36"]
[WhiteElo "1732"]
[BlackElo "2052"]
[Annotator "RC"]
[PlyCount "112"]
[EventDate "2024.03.27"]
[EventType "swiss"]
[EventCountry "ESP"]
[SourceTitle "playchess.com"]
[Source "ChessBase"]
[SourceQuality "1"]
[TimeControl "5400+30"]

1. e4 c5 2. Nf3 Nc6 3. d4 cxd4 4. Nxd4 g6 5. c4 Nf6 6. Nc3 d6 7. Be2 Nxd4 8. Qxd4 Bg7 9. O-O O-O 10. Qd1 Be6 11. Rb1 Rc8 12. b3 b5 13. Nxb5 Nxe4 14. Bb2 Bxb2 15. Rxb2 Qb6 16. Qd4 Qxd4 17. Nxd4 Bd7 18. h3 Nc5 19. Rd1 Rc7 20. Nb5 Bxb5 21. cxb5 Ne4 22. Bc4 Rfc8 23. Rd4 Nf6 24. Rbd2 Nd7 25. a4 Nb6 26. Be2 Rc1+ 27. Kh2 Rb1 28. a5 Nd7 29. Rc4 Rxc4 30. bxc4 Ra1 31. a6 Rc1 32. Ra2 Rc3 33. g3 Nb6 34. Kg2 Kf8 35. Kf1 Rc1+ 36. Kg2 Rc3 37. Kf1 Rc1+ 38. Kg2 e5 39. Bd3 Rc3 40. Be2 Ke7 41. Kf1 Rc1+ 42. Kg2 Kd7 43. h4 Kc7 44. Bf3 Rxc4 45. Be2 Rc3 46. Bd1 d5 47. Rc2 Rxc2 48. Bxc2 Kd6 49. g4 Kc5 50. Bd3 Nc4 51. h5 Kxb5 52. Kg3 Kc5 53. f3 Kd4 54. Bb1 Kc3 55. Kf2 d4 56. Ke2 Nb2 0-1

[Event "VIII Open Semana Santa 2024"]
[Site "San Vicente del Raspeig"]
[Date "2024.03.29"]
[Round "4.1"]
[White "Espinosa Aranda, Angel"]
[Black "Alekseenko, Kirill"]
[Result "1/2-1/2"]
[ECO "B50"]
[WhiteElo "2440"]
[BlackElo "2650"]
[Annotator "TA"]
[PlyCount "61"]
[EventDate "2024.03.27"]
[EventType "swiss"]
[EventCountry "ESP"]
[SourceTitle "playchess.com"]
[Source "ChessBase"]
[SourceQuality "1"]
[TimeControl "5400+30"]

1. e4 c5 2. Nf3 d6 3. Bc4 e6 4. O-O a6 5. Re1 Nf6 6. Bf1 Be7 7. c3 O-O 8. d4 Nbd7 9. Nbd2 b6 10. e5 Ne8 11. Ne4 cxd4 12. exd6 Nxd6 13. Nxd6 Bxd6 14. Qxd4 Bc5 15. Qe4 Ra7 16. Bg5 Nf6 17. Qe2 {[%emt 0:04:00] With the idea Ne5.} Qc7 18. Bxf6 gxf6 19. Qe4 Bb7 20. Qg4+ Kh8 21. Qh4 Be7 22. Bd3 {[%emt 0:06:09][%csl Gd3][%cal Rh4h7] [#]} f5 23. Ng5 Bxg5 24. Qxg5 Qd8 {[%emt 0:05:39] Repels Qf6+} 25. Qxd8 Rxd8 26. Rad1 b5 27. c4 Bc6 {[%emt 0:03:46] The position is equal.} 28. Be2 Rad7 29. Rxd7 Rxd7 30. cxb5 Bxb5 31. Bxb5 {[%emt 0:01:37] Weighted Error Value: White=0.06 (flawless) /Black=0.07 (flawless) .  Inaccurate:     	White=3     	Black=3      OK:         	White=11    	Black=9      Best:        	White=2     	Black=2} 1/2-1/2

[Event "VIII Open Semana Santa 2024"]
[Site "San Vicente del Raspeig"]
[Date "2024.03.29"]
[Round "4.2"]
[White "Ivanchuk, Vasyl"]
[Black "Heimann, Mark"]
[Result "1/2-1/2"]
[ECO "B15"]
[WhiteElo "2625"]
[BlackElo "2435"]
[Annotator "TA"]
[PlyCount "27"]
[EventDate "2024.03.27"]
[EventType "swiss"]
[EventCountry "ESP"]
[SourceTitle "playchess.com"]
[Source "ChessBase"]
[SourceQuality "1"]
[TimeControl "5400+30"]

1. e4 c6 2. d4 d5 3. Nd2 dxe4 4. Nxe4 Nf6 5. Nxf6+ exf6 6. c3 Bd6 7. Bd3 O-O 8. Ne2 Re8 9. O-O Qc7 10. Ng3 Be6 11. f4 c5 12. d5 Bc8 (12... c4 $142) 13. Qc2 (13. c4 $142) 13... c4 $16 14. Bxh7+ {[%emt 0:00:00] White took control after the opening.   Weighted Error Value: White=0.11 (very precise) /Black=0.17 (very precise) .  Mistake:       	White=1     	Black=1      OK:         	White=3     	Black=1      Best:        	White=1     	---} 1/2-1/2

[Event "VIII Open Semana Santa 2024"]
[Site "San Vicente del Raspeig"]
[Date "2024.03.29"]
[Round "4.3"]
[White "Martin, Julian"]
[Black "Yuffa, Daniil"]
[Result "1/2-1/2"]
[ECO "B81"]
[WhiteElo "2408"]
[BlackElo "2606"]
[Annotator "TA"]
[PlyCount "75"]
[EventDate "2024.03.27"]
[EventType "swiss"]
[EventCountry "ESP"]
[SourceTitle "playchess.com"]
[Source "ChessBase"]
[SourceQuality "1"]
[TimeControl "5400+30"]

1. e4 c5 2. Nf3 d6 3. d4 cxd4 4. Nxd4 Nf6 5. Nc3 a6 6. Be3 e6 7. g4 e5 8. Nf5 g6 9. g5 gxf5 10. exf5 d5 11. gxf6 d4 12. Bc4 Bxf5 {[%emt 0:00:15] B81: Sicilian Scheveningen: Keres Attack.} 13. Qh5 Qxf6 14. Nd5 Qg6 15. Qh4 Nc6 $146 ({Predecessor:} 15... Bxc2 16. Bxd4 exd4 17. Qxd4 Nc6 18. Qe3+ Kd7 19. Nb6+ Kd8 20. Nxa8 Bd6 21. Kd2 Re8 {½-½ Kuznetsov,F (2255)-Putrenko,K (2132) St Petersburg Amir Cup Blitz 2021 (10)}) 16. O-O-O Be7 17. Nxe7 Nxe7 18. Bg5 $1 Rc8 19. b3 b5 (19... Bxc2 {seems wilder.} 20. Bxe7 Bxd1 21. Rxd1 b5) 20. Bxe7 bxc4 21. b4 $1 Rc6 (21... Bxc2 {looks sharper.} 22. Rhg1 Qe6 23. Bf6 Bxd1 24. Bxh8 Kd7) 22. Rhe1 (22. Bc5 $1 $15 f6 (22... Bxc2 23. Qe7#) 23. Rhe1) 22... Qe6 $1 $17 (22... Bxc2 23. Rxd4 f6 (23... exd4 $2 24. Qxd4 f6 25. Bc5+ $18) 24. Bxf6 (24. Rxc4 Rxc4 25. Qxc4 Kxe7 $11) (24. Rd8+ $2 Kxe7 25. Rxh8 Bb1 $19) 24... Qxf6 25. Qxf6 (25. Kxc2 Qxh4 26. Rxh4 O-O $16) 25... Rxf6 26. Rxe5+ (26. Kxc2 Rxf2+ 27. Rd2 O-O $14) 26... Kf7 27. Rd7+ (27. Kxc2 Rxf2+ 28. Rd2 Rf3 $16) 27... Kg6 28. Kxc2 Rxf2+ 29. Rd2 $18) 23. Bc5 d3 (23... Bg4 $2 24. Rxd4 Qh6+ 25. Qxh6 Rxh6 26. Rxg4 $18) 24. Re3 {[%emt 0:00:01] [#]} (24. Kb2 $17) 24... Rg8 $1 $19 (24... dxc2 25. Rd8#) 25. Qh5 (25. c3 {was worth a try.}) 25... e4 $2 (25... dxc2 26. Rde1 Kd8 27. Rf3 $19 (27. Rxe5 $2 Qxe5 $19)) (25... a5 $19 {...c3 would now be deadly.} 26. Bd4 e4 (26... dxc2 27. Rxe5 cxd1=Q+ 28. Qxd1 $11)) 26. cxd3 $1 $15 cxd3 27. Rdxd3 Qxa2 28. Rg3 {[%emt 0:02:46] [#]} (28. Qxf5 $2 Rg1+ 29. Rd1 Qa1+ 30. Kc2 Qxd1+ $19 (30... Rxd1 31. Qxe4+ Re6 32. Qa8+ Kd7 33. Qb7+ Kd8 34. Bb6+ Ke8 35. Qa8+ Ke7 36. Bc5+ Kd7 37. Qb7+ Kd8 38. Bb6+ Ke8 39. Qc8+ Ke7 40. Bc5+ Kf6 41. Rf3+ Kg5 42. Qg8+ Rg6 43. h4+ Kg4 44. Rg3+ Kf4 45. Qxf7+ Qf6 46. Be3+ Ke5 47. Rg5+ Rxg5 48. Qxf6+ Kxf6 49. hxg5+ Kf7 50. Kxd1 $18)) (28. Rd1 $11 {was the only way to keep the balance.} Qe6 (28... Qxf2 29. Rxe4+ Be6 30. Rxe6+ Rxe6 31. Bxf2 Rg2 32. Qd5 Kf8 33. Qxg2) 29. Kb2) 28... Qa1+ (28... Rxc5+ $1 $17 29. bxc5 Qa1+ 30. Kd2 Bg6 31. Rd8+ (31. Qd5 $2 exd3 32. Qa8+ Ke7 $19) 31... Kxd8 32. Qd5+ Ke8 (32... Kc7 33. Qd6+ Kc8 34. Qc6+ Kd8 35. Qb6+ Ke8 36. Qb8+ Kd7 37. Qd6+ Ke8 38. Rb3 $11) 33. Qa8+ Ke7 34. Qxg8 Qb2+ (34... Qf1 35. Qc8 $16) 35. Ke3 Qc1+ 36. Kd4 Qd2+ 37. Kc4 f6 38. Rxg6 (38. Qd5 $2 Bf7 $19) 38... Qd3+ (38... hxg6 39. Qg7+ Ke6 40. Qg8+ Ke5 41. Qb8+ Kf5 42. c6 $11) 39. Kb4 Qb5+ (39... hxg6 40. Qg7+ Ke6 41. Qg8+ Ke5 42. Qe8+ Kf4 43. c6 $11) 40. Ka3 Qxc5+ (40... hxg6 41. Qc8 $15) 41. Kb3 Qb5+ (41... hxg6 42. Qxg6 Qxf2 43. Qxe4+ Kf8 44. Qa8+ Kf7 45. Qxa6 $15) 42. Ka3 hxg6 43. Qxg6 Qd3+ 44. Kb4 Qd6+ 45. Kc3 Qf4 (45... Qxh2 46. Qg7+ Ke6 47. Qg8+ Ke7 48. Qg7+ Ke6 49. Qg8+ Ke7 50. Qg7+ $11)) 29. Kd2 $15 Rxg3 30. Rxg3 Qb2+ 31. Ke1 Qc1+ 32. Ke2 Rf6 33. Qh4 Qc4+ 34. Ke1 Qc1+ 35. Ke2 Qc4+ 36. Ke1 Qc1+ 37. Ke2 Qb2+ 38. Ke1 1/2-1/2